 Dungeon Crawl Stone Soup version 0.30-a0-5-g3a90980b9d (webtiles) character file.

Game seed: 18316037560259790843

105 Plasmagod the Chopper (level 4, -3/39 HPs)
             Began as a Hill Orc Fighter on Aug 22, 2022.
             Slain by a water moccasin (5 damage)
             ... in a sewer.
             The game lasted 00:02:11 (1839 turns).

Plasmagod the Chopper (Hill Orc Fighter)            Turns: 1839, Time: 00:02:12

Health: -3/39      AC:  6    Str: 20    XL:     4   Next: 83%
Magic:  4/4        EV:  9    Int:  8    God:
Gold:   33         SH:  4    Dex: 10    Spells: 3/3 levels left

rFire   . . .      SeeInvis .    a - +0 war axe
rCold   . . .      Faith    .    c - +0 buckler
rNeg    . . .      Spirit   .    b - +0 scale mail
rPois   .          Reflect  .    (no helmet)
rElec   .          Harm     .    (no cloak)
rCorr   .          Rampage  .    (no gloves)
Will    .....                    (no boots)
Stlth   ..........               (no amulet)
HPRegen 0.13/turn                (no ring)
MPRegen 0.09/turn                (no ring)

@: no status effects
A: no striking features
a: no special abilities


You were in a sewer.
You visited 1 branch of the dungeon, and saw 3 of its levels.
You also visited: Sewer.

You collected 33 gold pieces.

Inventory:

Hand Weapons
 a - a +0 war axe (weapon)
Armour
 b - a +0 scale mail (worn)
 c - a +0 buckler (worn)
Jewellery
 m - a +6 ring of intelligence
Scrolls
 e - 4 scrolls of teleportation {unknown}
 g - 3 scrolls of butterflies {unknown}
 k - a scroll of noise {unknown}
Potions
 d - 2 potions of might
 f - a potion of magic {unknown}
 h - 2 potions of heal wounds {unknown}
 i - 2 potions of degeneration {unknown}
 j - a potion of curing {unknown}
 l - a potion of mutation {unknown}
 n - 2 potions of flight {unknown}


   Skills:
 - Level 3.6 Fighting
 + Level 6.4 Axes
 - Level 3.2 Armour
 - Level 3.2 Shields


You had 3 spell levels left.
You didn't know any spells.
Your spell library was empty.

Dungeon Overview and Level Annotations

Branches:
Dungeon (3/15)              Sewer (1/1)

Altars:


Message History

The water moccasin bites you but does no damage.
You slash the water moccasin!
The water moccasin is moderately wounded.
You feel very sick. The water moccasin bites you.
You barely miss the water moccasin.
The water moccasin is moderately wounded.
You feel very sick. The water moccasin bites you.
The water moccasin closely misses you.
You hit the water moccasin.
The water moccasin is heavily wounded.
You feel sick.
The water moccasin bites you but does no damage. x2
You are too injured to fight recklessly!
You are too injured to fight recklessly!
You are too injured to fight recklessly!
You are too injured to fight recklessly!
You are too injured to fight recklessly!
You are too injured to fight recklessly!
You are too injured to fight recklessly!
You barely miss the water moccasin.
The water moccasin is heavily wounded.
You feel sick. The water moccasin barely misses you.
The water moccasin bites you but does no damage.
You closely miss the water moccasin.
The water moccasin is heavily wounded.
You feel sick. The water moccasin bites you!
* * * LOW HITPOINT WARNING * * *
You miss the water moccasin.
The water moccasin is heavily wounded.
You feel sick. The water moccasin bites you.
* * * LOW HITPOINT WARNING * * *
The water moccasin bites you but does no damage.
You closely miss the water moccasin.
The water moccasin is heavily wounded.
* * * LOW HITPOINT WARNING * * *
You feel sick.
You are no longer poisoned.
The water moccasin bites you.
You die...

#.# ####### #.#
##.....## #.#
#...≈...## #.#
...≈≈≈...#######.#
∩.≈≈≈≈≈.........†#
.††≈≈≈...#######.#
#...≈...## #.#
##.....## #@#
####### #S# ...
..... .......
#.......#
#.......#
#..$[$..#


You could see a water moccasin.

Vanquished Creatures
  A hound (D:3)
  2 adders (D:2)
  2 river rats (D:3)
  5 ball pythons
  9 bats
  2 endoplasms (D:1)
  4 giant cockroaches
  2 goblins
  4 hobgoblins
  2 kobolds (D:1)
  A quokka (D:2)
  3 frilled lizards
  6 rats
43 creatures vanquished.

Notes
Turn   | Place    | Note
-------+----------+-------------------------------------------
     0 | D:1      | Plasmagod the Hill Orc Fighter began the quest for the Orb.
     0 | D:1      | Reached XP level 1. HP: 19/19 MP: 1/1
    60 | D:1      | Reached skill level 3 in Axes
   313 | D:1      | Reached XP level 2. HP: 26/26 MP: 2/2
   541 | D:1      | Reached skill level 4 in Axes
  1163 | D:2      | Reached XP level 3. HP: 31/31 MP: 3/3
  1270 | D:2      | Reached skill level 5 in Axes
  1537 | D:3      | Reached XP level 4. HP: 18/39 MP: 4/4
  1540 | D:3      | Found a glowing drain.
  1547 | D:3      | Reached skill level 6 in Axes
  1792 | Sewer    | Entered a sewer
  1828 | Sewer    | Noticed a water moccasin
  1839 | Sewer    | Slain by a water moccasin

Illustrated notes

Levels and vault maps discovered:
D:1:      dpeg_arrival_line_fractal, layout_loops_corners
D:2:      layout_basic, minmay_misc_feat_plants
D:3:      layout_basic, yredelemnul_altar_generic, portal_sewer_entry_b
Sewer:    sewer_big_baddie

Skill      XL: |  1  2  3  4 |
---------------+-------------+-----
Axes           | 3 4 5 6 |  6.4
Fighting       | |  3.6
Armour         | |  3.2
Shields        | |  3.2

Action                   |  1- 3 |  4- 6 || total
-------------------------+-------+-------++-------
Melee: War axe           |    88 |    43 ||   131
Armor: Scale mail        |    51 |    32 ||    83
Dodge: Dodged            |    39 |    29 ||    68
Block: Buckler           |    21 |     6 ||    27

Table legend: (Time is in decaauts)
 A = Elapsed time spent in this place.
 B = Non-inter-level travel time spent in this place.
 C = Inter-level travel time spent in this place.
 D = Time resting spent in this place.
 E = Time spent auto-exploring this place.
 F = Levels seen in this place.
 G = Mean time per level.
                   A        B        C        D        E       F      G
               +--------+--------+--------+--------+--------+-----+--------+
         Total |   1879 |   1853 |     26 |    226 |   1318 |   4 |  469.8 |
       Dungeon |   1827 |   1801 |     26 |    226 |   1306 |   3 |  609.0 |
         Sewer |     52 |     52 |      0 |      0 |     12 |   1 |   52.0 |
               +--------+--------+--------+--------+--------+-----+--------+

Top non-repeatable levels by time:
     D:1: 1163 daAuts
     D:2: 353 daAuts
     D:3: 310 daAuts
   Sewer: 52 daAuts
